 Dungeon Crawl Stone Soup version 0.26-a0-540-g8a0c9464d7 (webtiles) character file.

Game seed: 5580613357381173990

39 Apogee the Skirmisher (level 3, 10/37 HPs)
             Began as an Ogre Arcane Marksman on Aug 21, 2020.
             Quit the game on level 2 of the Dungeon.
             The game lasted 00:03:05 (1881 turns).

Apogee the Skirmisher (Ogre Arcane Marksman)        Turns: 1881, Time: 00:03:06

Health: 10/37      AC:  3    Str: 15    XL:     3   Next: 47%
Magic:  4/4        EV: 10    Int: 14    God:
Gold:   78         SH:  0    Dex:  9    Spells: 3/4 levels left

rFire    . . .     SeeInvis .   e - +0 club
rCold    . . .     Faith    .   (no shield)
rNeg     . . .     Spirit   .   a - +0 robe
rPois    .         Reflect  .   (helmet restricted)
rElec    .         Harm     .   (no cloak)
rCorr    .                      (gloves unavailable)
MR       .....                  (boots unavailable)
Stlth    +.........             (no amulet)
HPRegen  0.12/turn              (no ring)
MPRegen  0.09/turn              (no ring)

@: lethally poisoned (10 -> -2)
A: large, unfitting armour, tough skin 1
a: no special abilities


You were on level 2 of the Dungeon.
You visited 1 branch of the dungeon, and saw 2 of its levels.

You collected 78 gold pieces.

Inventory:

Hand Weapons
 e - a +0 club (weapon)
   (You took it off a hobgoblin on level 1 of the Dungeon)
Missiles
 d - a throwing net (quivered) {!f}
 i - a stone
Armour
 a - a +0 robe (worn)
Jewellery
 l - a cursed -4 ring of evasion {unknown}
   (You found it on level 1 of the Dungeon)
Scrolls
 f - a scroll of identify {unknown}
 h - a scroll of amnesia {unknown}
Potions
 g - a potion of curing {unknown}
 j - a potion of heal wounds {unknown}
 k - a potion of might {unknown}


   Skills:
 + Level 3.0 Fighting
 + Level 1.1 Maces & Flails
 + Level 2.6 Throwing
 - Level 1.7 Dodging
 - Level 1.2 Spellcasting
 - Level 2.6 Hexes


You had 3 spell levels left.
You knew the following spells:

 Your Spells              Type           Power        Failure   Level
a - Corona                Hex            #......      9%          1

Your spell library contained the following spells:

 Spells                   Type           Power        Failure   Level
 Slow                     Hex            #.......     13%         2
 Inner Flame              Hex/Fire       #.......     41%         3
 Portal Projectile        Hex/Tloc       #.....       41%         3
 Cause Fear               Hex            #.........   65%         4
 Leda's Liquefaction      Hex/Erth       #.........   83%         4


Dungeon Overview and Level Annotations

Branches:
Dungeon (2/15)

Altars:

Annotations:
D:2 Natasha


Innate Abilities, Weirdness & Mutations

You are too large for most types of armour.
You have tough skin. (AC +1)


Message History

You throw a large rock. The large rock barely misses the adder.
The large rock barely misses the hobgoblin.
The adder closely misses you. The adder bites you. x2
The adder closely misses you.
The crimson imp blinks!
Throwing (i - inventory. (/) - cycle)
c - 3 large rocks (quivered)
Aim: Natasha You throw a large rock.
The large rock completely misses the adder.
The large rock barely misses Natasha.
The adder bites you but does no damage. The adder closely misses you.
The adder barely misses you.
Natasha mumbles some strange words.
The adder bites you but does no damage.
Throwing (i - inventory. (/) - cycle)
c - 2 large rocks (quivered)
Aim: Natasha You throw a large rock.
The large rock completely misses the adder.
The large rock barely misses Natasha.
The adder barely misses you.
Natasha casts a spell.
The adder bites you.
You are poisoned.
The adder poisons you! The adder bites you.
Throwing (i - inventory. (/) - cycle)
c - a large rock (quivered)
Aim: Natasha You throw a large rock.
The large rock hits the adder.
You feel sick. The adder closely misses you. The adder barely misses you.
The crimson imp blinks!
The adder barely misses you. The adder bites you but does no damage.
Unknown command.
Throwing (i - inventory. (/) - cycle)
b - 2 atropa-tipped darts (quivered)
Aim: Natasha (chance to blind on hit: 83%)
You throw an atropa-tipped dart.
The atropa-tipped dart completely misses the adder.
The atropa-tipped dart barely misses Natasha.
The atropa-tipped dart misses the crimson imp.
You feel yourself speed up. The adder bites you.
* * * LOW HITPOINT WARNING * * *
You are more poisoned.
The adder poisons you!
Throwing (i - inventory. (/) - cycle)
b - an atropa-tipped dart (quivered)
Aim: Natasha (chance to blind on hit: 80%)
You throw an atropa-tipped dart.
The atropa-tipped dart closely misses the adder.
The atropa-tipped dart closely misses Natasha.
The atropa-tipped dart misses the crimson imp.
You feel sick. The adder bites you.
* * * LOW HITPOINT WARNING * * *
You are lethally poisoned!
The adder poisons you! The adder bites you.
* * * LOW HITPOINT WARNING

* * *
...######........#...........
.................#...........
.................#..5.h......
.................#...........
....###..........#...........
....# #.<...######..####....#
....# #.....# #)5# .## ...<#
#.....# ####h5# ...####.....#
#.@Sg## #........######.##.#
...................##
....................#
####..#.###.###.###.#
..........#.# #.# #.#
........#.#.# #.# #.#
......###.#.# #.# ### .####.#
#.# #.#


You could see an iron imp (summoned), Natasha, a crimson imp (summoned), an
adder and a hobgoblin.

Vanquished Creatures
  An adder (D:2)
  An ooze (D:1)
  2 worms (D:2)
  6 bats (D:1)
  5 goblins (D:1)
  2 hobgoblins (D:1)
  2 kobolds (D:1)
  2 frilled lizards (D:1)
21 creatures vanquished.

Notes
Turn   | Place    | Note
-------+----------+-------------------------------------------
     0 | D:1      | Apogee the Ogre Arcane Marksman began the quest for the
                  | Orb.
     0 | D:1      | Reached XP level 1. HP: 19/19 MP: 2/2
    43 | D:1      | Reached skill level 2 in Fighting
   296 | D:1      | Noticed an ogre
   297 | D:1      | Noticed an ogre
   374 | D:1      | Noticed an ogre
   374 | D:1      | Noticed an ogre
   489 | D:1      | Reached XP level 2. HP: 8/28 MP: 3/3
  1449 | D:1      | Reached XP level 3. HP: 32/36 MP: 4/4
  1589 | D:2      | Reached skill level 1 in Maces & Flails
  1625 | D:2      | Reached skill level 3 in Fighting
  1868 | D:2      | Noticed Natasha
  1881 | D:2      | Quit the game

Illustrated notes

Levels and vault maps discovered:
D:1:      erik_arrival_cave_to_civilisation [erik_arrival_cave_to_temple],
          layout_basic
D:2:      layout_basic, uniq_natasha, uniq_crazy_yiuf_cottage

Skill      XL: |  1  2  3 |
---------------+----------+-----
Fighting       | 2 3 |  3.0
Maces & Flails | 1 |  1.1
Throwing       | |  2.6
Dodging        | |  1.7
Spellcasting   | |  1.2
Hexes          | |  2.6

Action                   || total
-------------------------++-------
Melee: Unarmed           ||    29
       Club              ||    76
Throw: Large rock        ||    15
       Dart              ||     4
       Throwing net      ||     1
 Stab: Sleeping          ||     1
       Held in net/web   ||     2
Armor: Robe              ||    51
Dodge: Dodged            ||    81

Table legend: (Time is in decaauts)
 A = Elapsed time spent in this place.
 B = Non-inter-level travel time spent in this place.
 C = Inter-level travel time spent in this place.
 D = Time resting spent in this place.
 E = Time spent auto-exploring this place.
 F = Levels seen in this place.
 G = Mean time per level.
                   A        B        C        D        E       F      G
               +--------+--------+--------+--------+--------+-----+--------+
         Total |   1919 |   1893 |     26 |    836 |    759 |   2 |  959.5 |
       Dungeon |   1919 |   1893 |     26 |    836 |    759 |   2 |  959.5 |
               +--------+--------+--------+--------+--------+-----+--------+

Top non-repeatable levels by time:
     D:1: 1604 daAuts
     D:2: 314 daAuts
